 Dungeon Crawl Stone Soup version 0.26.1-2-gb8aa6d0cf2 (webtiles) character file.

Game seed: 5866433603472768856

2940 funkygono the Basher (level 9, -15/79 HPs)
             Began as a Minotaur Monk on Feb 15, 2021.
             Was a Believer of Makhleb.
             Demolished by Nebesus's ghost (19 damage)
             ... on level 7 of the Dungeon.
             The game lasted 00:11:54 (7561 turns).

funkygono the Basher (Minotaur Monk)                Turns: 7561, Time: 00:11:54

Health: -15/79     AC: 15    Str: 20    XL:     9   Next: 51%
Magic:  18/18      EV: 10    Int: 13    God:    Makhleb [**....]
Gold:   397        SH:  0    Dex: 12    Spells: 8/8 levels left

rFire    . . .     SeeInvis .   a - +1 mace
rCold    + . .     Faith    .   (no shield)
rNeg     . . .     Spirit   .   w - +0 chain mail {rC+}
rPois    .         Reflect  .   (helmet restricted)
rElec    .         Harm     .   l - +0 cloak
rCorr    .         Rampage  .   d - +1 pair of gloves
Will     .....                  k - +0 pair of boots
Stlth    ..........             (no amulet)
HPRegen  0.23/turn              i - ring of magical power
MPRegen  0.16/turn              z - +6 ring of intelligence

@: lethally poisoned (-15 -> -28)
A: retaliatory headbutt, horns 2
a: Renounce Religion, Minor Destruction


You were on level 7 of the Dungeon.
You worshipped Makhleb.
Makhleb was pleased with you.
You visited 2 branches of the dungeon, and saw 8 of its levels.

You collected 397 gold pieces.

Inventory:

Hand Weapons
 a - a +1 mace (weapon)
 u - a +2 spectral quarterstaff
Missiles
 f - 258 stones (quivered)
Armour
 d - a +1 pair of gloves (worn)
 k - a +0 pair of boots (worn)
 l - a +0 cloak (worn)
 w - a +0 chain mail of cold resistance (worn)
 x - +0 steam dragon scales
Jewellery
 i - a ring of magical power (left hand)
 y - an uncursed ring of fire
 z - a +6 ring of intelligence (right hand)
Wands
 q - a wand of iceblast (8)
 v - a wand of random effects (13)
 A - a wand of acid (8)
Scrolls
 e - 3 scrolls of remove curse
 j - 2 scrolls of torment {unknown}
 p - 2 scrolls of fog
 t - 3 scrolls of teleportation
 B - 2 scrolls of silence {unknown}
 C - a scroll of identify
Potions
 b - 2 potions of curing
 c - a potion of resistance
 h - 3 potions of mutation
 m - 2 potions of attraction
 n - a potion of cancellation
 r - 2 potions of flight
 s - a potion of lignification {unknown}


   Skills:
 + Level 7.6 Fighting
 + Level 11.2 Maces & Flails
 + Level 7.2 Armour
 + Level 5.3 Dodging
 + Level 2.4 Stealth
 + Level 2.1 Invocations


You had 8 spell levels left.
You didn't know any spells.
Your spell library contained the following spells:

 Spells                   Type           Power        Failure   Level
 Corona                   Hex            0%           95%         1
 Freeze                   Ice            0%           95%         1
 Ensorcelled Hibernation  Hex/Ice        0%           98%         2
 Confusing Touch          Hex            0%           100%        3
 Dazzling Flash           Conj/Hex       0%           100%        3
 Frozen Ramparts          Ice            0%           100%        3
 Ozocubu's Armour         Ice            0%           100%        3
 Tukima's Dance           Hex            0%           100%        3
 Hailstorm                Conj/Ice       0%           100%        4
 Summon Ice Beast         Ice/Summ       0%           100%        4


Dungeon Overview and Level Annotations

Branches:
Dungeon (7/15)             Temple (1/1) D:4

Altars:
Cheibriados
Dithmenos
Elyvilon
Fedhas
Gozag
Hepliaklqana
Kikubaaqudgha
Makhleb
Nemelex Xobeh
Okawaru
Qazlal
Ru
Sif Muna
Trog
Uskayaw
Vehumet
Wu Jian
Xom
Yredelemnul
Zin
The Shining One

Shops:
D:4 }[*

Annotations:
D:7 Nebesus's ghost, novice NaVM


Innate Abilities, Weirdness & Mutations

You reflexively headbutt those who attack you in melee.
You have a pair of horns on your head.


Message History

You are more poisoned.
Nebesus's ghost hits you.
* * * LOW HITPOINT WARNING * * *
You are electrocuted!
* * * LOW HITPOINT WARNING * * *
You feel much better.
You feel sick.
* * * LOW HITPOINT WARNING * * *
You are more poisoned.
Nebesus's ghost misses you. You furiously retaliate!
You headbutt Nebesus's ghost.
You hit Nebesus's ghost but do no damage.
Your headbutt misses Nebesus's ghost.
Nebesus's ghost is almost destroyed.
You feel sick.
* * * LOW HITPOINT WARNING * * *
You are more poisoned.
Nebesus's ghost's toxic aura wanes.
Nebesus's ghost hits you!
* * * LOW HITPOINT WARNING * * *
You are electrocuted!!
You die...

..###......#### #. ....##.#####
##.## .##.##.###########...##
.....#.#.......##....<##
.......#..#######......#
###..###..#.....#.....# #....#
#>.#8...(#.....#### #.##.#
#..#..(..'.#......# #>##.#
#..#(....@......#.#
.....###..#/..(.W.#.#?.# #
#.#.......#.(...#.#....#
.....######.(..(#.#.##.#.
#.#..##############.##.#.#######
#........#######............ ..#
###..##.......#####..####..# #.#
###..#........#####..####..###.##
.....................##.....##.##


You could see Nebesus's ghost.

Vanquished Creatures
  Joseph (D:7)
  Grinder (D:5)
  Sigmund (D:5)
  2 steam dragons (D:5)
  Edmund (D:5)
  A hornet zombie (D:5)
  2 ice beasts
  2 ogres (D:6)
  A phantom (D:4)
  A necrophage (D:6)
  Blork the orc (D:5)
  2 big kobolds
  2 scorpions (D:6)
  A howler monkey (D:4)
  4 wights (D:7)
  A centaur zombie (D:6)
  2 hounds
  An orc priest (D:4)
  5 orc wizards
  3 bullfrog skeletons (D:4)
  A centaur skeleton (D:4)
  3 iguanas
  A worker ant (D:4)
  A killer bee zombie (D:5)
  2 hound skeletons
  Robin (D:2)
  4 gnolls (D:4)
  5 adders
  A shadow imp (D:3)
  An ufetubus (D:5)
  An ooze (D:2)
  An adder skeleton (D:5)
  A worm (D:2)
  4 dart slugs
  3 leopard geckos
  9 orcs
  5 giant cockroaches
  16 goblins
  8 hobgoblins
  9 jackals
  5 quokkas
  A ball python (D:3)
  9 bats
  4 frilled lizards
  12 kobolds
  A leopard gecko skeleton (D:4)
  A leopard gecko zombie (D:5)
  5 rats
150 creatures vanquished.

Vanquished Creatures (others)
  23 fungi (D:5)
  5 toadstools (D:1)
28 creatures vanquished.

Grand Total: 178 creatures vanquished

Notes
Turn   | Place    | Note
-------+----------+-------------------------------------------
     0 | D:1      | funkygono the Minotaur Monk began the quest for the Orb.
     0 | D:1      | Reached XP level 1. HP: 19/19 MP: 0/0
   302 | D:1      | Reached XP level 2. HP: 27/27 MP: 1/1
   347 | D:1      | Reached skill level 4 in Maces & Flails
   923 | D:1      | Reached XP level 3. HP: 24/33 MP: 2/2
  1447 | D:2      | Noticed Robin
  1470 | D:2      | Killed Robin
  1540 | D:2      | Reached XP level 4. HP: 41/41 MP: 3/3
  2336 | D:3      | Reached skill level 1 in Armour
  2970 | D:4      | Reached XP level 5. HP: 46/47 MP: 4/4
  2991 | D:4      | Found Lampuifixt's Gadget Shoppe.
  3013 | D:4      | Reached skill level 5 in Maces & Flails
  3019 | D:4      | Reached skill level 5 in Fighting
  3213 | D:4      | Noticed a phantom
  3247 | D:4      | Reached XP level 6. HP: 56/56 MP: 5/5
  3277 | D:4      | Reached skill level 6 in Maces & Flails
  3439 | D:4      | Reached XP level 7. HP: 46/61 MP: 6/6
  3632 | D:4      | Found a staircase to the Ecumenical Temple.
  3654 | D:4      | Found Teked's Antique Armour Shoppe.
  3674 | D:4      | Got a smoking helmet
  3823 | Temple   | Entered the Ecumenical Temple
  3925 | Temple   | Became a worshipper of Makhleb the Destroyer
  3925 | Temple   | Reached * piety under Makhleb
  3925 | Temple   | Reached ** piety under Makhleb
  4080 | D:4      | Found Japosm's General Store.
  4132 | D:5      | Entered Level 5 of the Dungeon
  4132 | D:5      | Noticed Sigmund
  4146 | D:4      | Reached skill level 7 in Maces & Flails
  4369 | D:5      | Killed Sigmund
  4475 | D:5      | Noticed Grinder
  4504 | D:5      | Killed Grinder
  4505 | D:5      | Reached skill level 8 in Maces & Flails
  4775 | D:5      | Reached skill level 5 in Armour
  4775 | D:5      | Reached XP level 8. HP: 60/70 MP: 7/7
  5073 | D:5      | Reached skill level 5 in Dodging
  5159 | D:5      | Noticed Edmund
  5170 | D:5      | Killed Edmund
  5171 | D:5      | Reached skill level 9 in Maces & Flails
  5590 | D:5      | Noticed Blork the orc
  5596 | D:5      | Killed Blork the orc
  6040 | D:6      | Reached skill level 10 in Maces & Flails
  6191 | D:6      | Reached XP level 9. HP: 68/78 MP: 8/8
  6869 | D:6      | Identified the +2 helmet of Cloud Cover {rPois rN++ Will-
                  | Dex+4} (You found it on level 4 of the Dungeon)
  7157 | D:7      | Noticed Joseph
  7175 | D:7      | Killed Joseph
  7176 | D:7      | Reached skill level 11 in Maces & Flails
  7176 | D:7      | Reached skill level 1 in Invocations
  7499 | D:7      | Found a runed translucent gate.
  7501 | D:7      | Found a runed translucent gate.
  7502 | D:7      | Found a runed translucent gate.
  7522 | D:7      | Noticed Nebesus's ghost (novice NaVM)
  7558 | D:7      | HP: 2/79 [Nebesus's ghost (20)]
  7561 | D:7      | Demolished by Nebesus's ghost

Illustrated notes

Levels and vault maps discovered:
D:1:      ldierk_walled_garden, layout_loops_corners,
          hangedman_abyss_or_decor_lesser_grid, st_stairs_6
D:2:      layout_loops_ring, uniq_robin
D:3:      layout_basic
D:4:      layout_cave_pools, minmay_temple_entry_stoned_glass, serial_shops,
          shop_fountains, kennysheep_mini_moat, shop, minmay_misc_feat_x,
          dk_noncrumbling_4
D:5:      kennysheep_steamy, layout_loops_cross, serial_glass, glass_columns_b,
          glass_columns_a, skrybe_limestone_x, uniq_edmund, uniq_sigmund,
          uniq_blork_the_orc, uniq_grinder
D:6:      wad_river_or_something, layout_basic
D:7:      layout_loops_cross, ebering_ghost_rock_garden, tgw_trog, uniq_joseph
Temple:   kilobyte_greek_temple

Skill      XL: |  1  2  3  4  5  6  7  8  9 |
---------------+----------------------------+-----
Fighting       | 4 5 6 7 |  7.6
Maces & Flails | 4 5 6 8 10 11 | 11.2
Dodging        | 4 5 |  5.3
Armour         | 2 3 5 6 7 |  7.2
Stealth        | 2 |  2.4
Invocations    | 2 |  2.1

Action                   |  1- 3 |  4- 6 |  7- 9 || total
-------------------------+-------+-------+-------++-------
Melee: Mace              |    93 |   161 |   288 ||   542
       Headbutt          |    12 |    24 |    54 ||    90
Invok: Minor Destruction |       |       |    13 ||    13
  Use: Scroll            |     1 |     5 |    12 ||    18
       Potion            |       |       |     4 ||     4
 Stab: Sleeping          |     1 |       |       ||     1
Armor: Ring mail         |    19 |       |       ||    19
       Robe              |     2 |       |       ||     2
       Scale mail        |    17 |    77 |    10 ||   104
       Chain mail        |       |       |   141 ||   141
Dodge: Dodged            |    77 |    93 |   117 ||   287
